AoeStats
← Malcolm Little

Nomad

506305612Analyzed
3v3 RM · 19d ago on Sep 13, 2026· 41m 23s· 6 players
Game mode
Random Map
Map size
210×210
Population
200
Speed
Normal
Resources
Standard
Victory
Conquest
Starting age
Dark Age
Ending age
Imperial Age
RankedLock teamsTeams togetherTeam positionsShared explorationLock speedFull tech treeHidden civsTurbo modeCheats
Victory
Defeat
🇨🇱 Dravidians · Chile
1429
+13
🇩🇴 Persians · Dominican Republic
1370
+15
1286
+18
🇦🇷 Persians · Argentina
1398
-17
🇨🇱 Malay · Chile
1376
-17
🇨🇱 Italians · Chile
1270
-12
El Osicudo69
4:48 Loom
13:37 Feudal Age
13:59 Double-Bit Axe
14:56 Fletching
23:19 Castle Age
22:13 Forging
22:08 Scale Barding Armor
23:08 Bloodlines
24:26 Iron Casting
24:15 Bodkin Arrow
25:27 Medium Warships
26:25 Chain Barding Armor
40:13 Imperial Age
37:53 Horse Collar
38:25 Bow Saw
38:21 Husbandry
41:08 Plate Barding Armor
39:54 Cavalier
40:31 Gold Mining
42:07 Blast Furnace
DD2E D10 Bulldozer
5:04 Loom
14:57 Feudal Age
16:03 Fletching
22:18 Castle Age
28:28 Wheelbarrow
34:44 Stone Mining
38:34 Double-Bit Axe
Eldiano
3:07 Loom
13:48 Feudal Age
18:26 Castle Age
16:33 Fletching
17:10 Town Watch
17:37 Double-Bit Axe
19:49 Medium Warships
20:03 Bow Saw
20:39 Bodkin Arrow
36:18 Wheelbarrow
39:49 Horse Collar
yinyangwar
10:12 Loom
12:27 Feudal Age
21:04 Castle Age
19:56 Double-Bit Axe
19:51 Horse Collar
21:54 Medium Warships
23:48 Wheelbarrow
22:59 Town Watch
23:29 Bow Saw
28:02 Hand Cart
28:36 Fletching
31:19 Heavy Plow
32:02 Bodkin Arrow
33:00 Elite Skirmisher
33:41 Padded Archer Armor
36:30 Imperial Age
35:37 Sanctity
35:25 Thumb Ring
35:53 Ballistics
36:30 Leather Archer Armor
38:15 Chemistry
37:26 Bracer
37:57 Ring Archer Armor
38:37 Conscription
40:34 Squires
41:01 Scale Barding Armor
40:58 Scale Mail Armor
42:38 Two-Man Saw
Malcolm Little
5:04 Loom
12:48 Feudal Age
18:00 Castle Age
16:25 Scale Barding Armor
16:31 Forging
16:09 Double-Bit Axe
16:06 Horse Collar
18:08 Bloodlines
32:17 Husbandry
33:21 Wheelbarrow
32:56 Town Watch
33:41 Gold Mining
34:32 Stone Mining
34:54 Bow Saw
37:10 Chain Barding Armor
40:24 Iron Casting
42:50 Imperial Age
41:28 Heavy Plow
[zWq]Ferdinand Von Lindemann
7:29 Loom
12:55 Feudal Age
13:32 Double-Bit Axe
13:34 Horse Collar
16:53 Wheelbarrow
20:10 Castle Age
18:50 Gold Mining
21:20 Bow Saw
25:05 Heavy Plow
28:05 Hand Cart
Connection lost

Rejoining the realm…

Still unreachable

The connection could not be restored.

Session expired

The server has moved on; the page needs a fresh start.